 Dungeon Crawl Stone Soup version 0.28.0-47-ge53b351184 (webtiles) character file.

Game seed: 15404726710373162128

42577 Exodus22XD the Severer (level 13, -17/160 HPs)
             Began as a Minotaur Fighter on May 7, 2022.
             Was a High Priest of Hepliaklqana.
             Demolished by a death yak (22 damage)
             ... led by a torpor snail
             ... on level 6 of the Lair of Beasts.
             The game lasted 00:29:29 (18983 turns).

Exodus22XD the Severer (Minotaur Fighter)          Turns: 18983, Time: 00:29:29

Health: -17/160    AC: 16    Str: 24    XL:     13   Next: 86%
Magic:  20/20      EV:  8    Int:  5    God:    Hepliaklqana [*****.]
Gold:   1064       SH:  7    Dex: 15    Spells: 12/12 levels left

rFire   + . .      SeeInvis .   O - +4 war axe of Unpleasantness {flame, *Rage rC+ rN+++ Dex+3}
rCold   + . .      Faith    .   c - +0 buckler
rNeg    + + +      Spirit   .   t - +0 chain mail
rPois   .          Reflect  .   (helmet restricted)
rElec   .          Harm     .   C - +0 cloak
rCorr   .          Rampage  .   (no gloves)
Will    .....      Rage     20% r - +0 pair of boots
Stlth   ..........              V - amulet of regeneration
HPRegen 1.16/turn               g - ring of protection from fire
MPRegen 0.17/turn               (no ring)

@: mighty, berserking (expiring), lethally poisoned (-17 -> -18), slowed,
invisible
A: reduced essence, horns 2, retaliatory headbutt
a: Renounce Religion, Recall Ancestor, Ancestor Identity, Transference, Idealise


You were on level 6 of the Lair of Beasts.
You worshipped Hepliaklqana.
Hepliaklqana was extremely pleased with you.
You visited 3 branches of the dungeon, and saw 19 of its levels.

You collected 1119 gold pieces.
You spent 55 gold pieces at shops.

Inventory:

Hand Weapons
 a - a +0 war axe
 x - the +7 hand axe "Tagodaul" {spect, rN+ Dex+4}
   (You found it on level 5 of the Dungeon)

   When its wielder attacks, the weapon's spirit leaps out and strikes again.
   The spirit shares a part of any damage it takes with its wielder.
   Dex:       It affects your dexterity (+4).
   rN:        It protects you from negative energy.
 O - the +4 war axe of Unpleasantness (weapon) {flame, *Rage rC+ rN+++ Dex+3}
   (You found it on level 1 of the Lair of Beasts)

   It burns those it strikes, dealing additional fire damage.
   Big, fiery blades are also staple armaments of hydra-hunters.
   Dex:       It affects your dexterity (+3).
   rC:        It protects you from cold.
   rN:        It renders you almost immune to negative energy.
   *Rage:     It berserks you when you make melee attacks (+20% chance).
Armour
 c - a +0 buckler (worn)
 r - a +0 pair of boots (worn)
 t - a +0 chain mail (worn)
 C - a +0 cloak (worn)
Jewellery
 g - a ring of protection from fire (left hand)
 H - a ring of fire
 J - a ring of ice
 K - an amulet of magic regeneration
 P - a ring of positive energy
 R - a ring of flight
 S - an amulet of guardian spirit
 V - an amulet of regeneration (around neck)
Wands
 n - a wand of polymorph (10)
 u - a wand of iceblast (19)
 B - a wand of acid (11)
 F - a wand of flame (34)
 M - a wand of mindburst (6)
 N - a wand of digging (3)
 T - a wand of charming (7)
 U - a wand of paralysis (6)
Scrolls
 b - 3 scrolls of holy word
 e - a scroll of blinking
 h - 3 scrolls of fear
 j - a scroll of summoning
 k - 2 scrolls of vulnerability
 p - 5 scrolls of teleportation
 q - 5 scrolls of enchant armour
 s - 5 scrolls of enchant weapon
 v - 4 scrolls of magic mapping {unknown}
 y - 3 scrolls of fog {unknown}
 E - 2 scrolls of amnesia {unknown}
 G - a scroll of immolation
 L - a scroll of brand weapon
Potions
 f - 2 potions of mutation
 i - a potion of heal wounds
 l - 2 potions of brilliance
 m - 4 potions of lignification
 o - a potion of curing
 w - 3 potions of ambrosia
 z - 2 potions of haste {unknown}
 A - 5 potions of resistance
 D - a potion of degeneration {unknown}
 Q - a potion of flight {unknown}


   Skills:
 + Level 12.4 Fighting
 + Level 15.6 Axes
 + Level 14.6 Armour
 + Level 10.3 Shields
 - Level 1.0 Unarmed Combat
 - Level 11.0 Invocations
 - Level 0.4 Evocations


You had 12 spell levels left.
You didn't know any spells.
Your spell library contained the following spells:

 Spells                   Type           Power      Damage    Failure   Level
 Magic Dart               Conj           0%         1d3       95%         1
 Call Imp                 Summ           0%         N/A       99%         2
 Ensorcelled Hibernation  Hex/Ice        0%         N/A       99%         2
 Passwall                 Tmut/Erth      0%         N/A       99%         2
 Mephitic Cloud           Conj/Pois/Air  0%         N/A       100%        3
 Swiftness                Air            0%         N/A       100%        3


Dungeon Overview and Level Annotations

Branches:
Dungeon (12/15)            Temple (1/1) D:4            Lair (5/6) D:8
  Swamp (0/4) Lair:3        Snake (0/4) Lair:2          Orc (0/2) D:11
  Slime: Lair:5-6

Altars:
Ashenzari
Cheibriados
Fedhas
Gozag
Hepliaklqana
Makhleb
Nemelex Xobeh
Okawaru
Ru
Sif Muna
Uskayaw
Vehumet
Wu Jian
Yredelemnul
Zin
The Shining One

Shops:
D:3 *   D:6 =   D:10 :

Annotations:
D:7 2 transporters
Lair:4 3 runed translucent doors, Fiha's ghost, journeyman VSTm; Odimp's ghost, journeyman KoWn; Wairalebb's ghost, journeyman BaFi; Zytareni's ghost, journeyman DrCj


Innate Abilities, Weirdness & Mutations

Your life essence is reduced to manifest your ancestor. (-10% HP)
You have a pair of horns on your head.
You reflexively headbutt those who attack you in melee.


Message History

The flame cauterises the wound!
You slice the five-headed hydra!! You burn the five-headed hydra!
The five-headed hydra is almost dead.
You catch the helpless cane toad completely off-guard!
You slash the cane toad! You burn the cane toad.
You kill the cane toad!
You slash the elephant! You burn the elephant.
You feel sick.
The elephant tramples you but does no damage.
The elephant trunk-slaps you.
* * * LOW HITPOINT WARNING * * *
The five-headed hydra bites you.
* * * LOW HITPOINT WARNING * * *
You block the five-headed hydra's attack.
The five-headed hydra bites you but does no damage. x2
You block the five-headed hydra's attack.
You slash the death yak! You burn the death yak.
The death yak is moderately wounded.
You hit the elephant. You burn the elephant.
You catch the helpless five-headed hydra completely off-guard!
You slice one of the five-headed hydra's heads off!
The flame cauterises the wound!
You hit the four-headed hydra. You burn the four-headed hydra.
You feel sick.
The elephant tramples the plant!!
The elephant trunk-slaps the plant.
The death yak gores you!
* * * LOW HITPOINT WARNING * * *
The four-headed hydra bites you!
* * * LOW HITPOINT WARNING * * *
The four-headed hydra bites you.
* * * LOW HITPOINT WARNING * * *
The four-headed hydra barely misses you. x2
You slice the death yak!! You burn the death yak!
The death yak is severely wounded.
You slash the elephant! You burn the elephant.
You strike the helpless four-headed hydra from behind!
You hack one of the four-headed hydra's heads off!
The flame cauterises the wound!
You slash the three-headed hydra! You burn the three-headed hydra.
You kill the three-headed hydra!
You feel sick. The death yak gores you!!
You die...

..## #.............##
...####...÷...#......#
....#........###....##
..........#### #....##
.........## ##....#
......)..## ##....#
.........P# #.†...#
...§......######.†...###
...........##.PY@......#
......Y........YY.......#
..............Fw.......<..
......................PP..
.....................PP#..
....................#..###
......P..............###
....#.P#............##
....#####.......#...#


You could see a death yak, 2 elephants, a torpor snail and a cane toad.

Vanquished Creatures
  Josephine (D:11)
  5 hydras
  A boulder beetle (Lair:3)
  Fannar (D:10)
  Erica (D:9)
  3 two-headed ogres
  2 death yaks
  An oklob plant (Lair:3)
  A manticore (D:12)
  5 elephants (Lair:6)
  6 black mambas
  10 cane toads
  A rime drake (Lair:6)
  Psyche (D:8)
  7 komodo dragons
  2 kobold demonologists (D:11)
  A polar bear (Lair:3)
  Prince Ribbit (D:8)
  A troll (D:10)
  Grinder (D:3)
  5 dream sheep (Lair:4)
  10 blink frogs
  Sigmund (D:3)
  A water elemental (D:11)
  5 wraiths (D:11)
  34 yaks
  2 wyverns
  3 vampire mosquitoes (Lair:3)
  8 water moccasins
  2 ice beasts
  7 orc warriors
  3 necrophages
  A sky beast (D:5)
  3 black bears
  22 wolves
  An ogre (D:4)
  3 centaurs (D:9)
  5 kobold brigands
  2 gnoll sergeants
  A wyvern zombie (D:9)
  10 bullfrogs
  A scorpion (D:6)
  A wyvern skeleton (D:7)
  2 water moccasin skeletons
  2 wights
  3 killer bees (D:8)
  2 electric eels
  13 howler monkeys
  3 centaur zombies
  A jelly (D:8)
  2 bullfrog skeletons
  4 hounds
  2 centaur skeletons
  7 orc priests
  A gnoll shaman (D:5)
  An iguana (D:7)
  Jessica (D:3)
  Terence (D:2)
  Natasha (thrice) (D:3)
  12 orc wizards
  A howler monkey zombie (D:8)
  16 gnolls
  4 adders
  A shadow imp (D:5)
  2 white imps
  An ufetubus (D:4)
  An adder skeleton (D:4)
  55 orcs
  8 bats
  An endoplasm (D:2)
  A giant cockroach (D:1)
  9 goblins
  2 hobgoblins
  11 jackals
  A quokka (D:2)
  4 ball pythons
  3 frilled lizards
  31 kobolds
  3 rats
  2 butterflies (Lair:3)
400 creatures vanquished.

Vanquished Creatures (collateral kills)
  A catoblepas (Lair:2)
  2 death yaks (Lair:1)
  2 lindwurms
  2 elephants (Lair:6)
  A gargoyle (D:11)
  Maggie (D:6)
  A cane toad (Lair:6)
  A rime drake (Lair:2)
  2 blink frogs (Lair:6)
  A dream sheep (Lair:4)
  A shadow (D:11)
  4 yaks
  A wraith (D:9)
  A basilisk (Lair:4)
  A vampire mosquito (Lair:3)
  A water moccasin (Lair:2)
  A necrophage (D:7)
  2 wolves
  A bullfrog (Lair:2)
  A scorpion (D:5)
  A howler monkey (D:5)
  A hound (D:5)
  A centaur zombie (D:9)
  A jelly (D:7)
  A gnoll shaman (D:5)
  2 orc wizards
  2 gnolls (D:5)
  6 orcs
  5 jackals (D:5)
48 creatures vanquished.

Vanquished Creatures (others)
  3 knights
  32 fungi
  36 plants
71 creatures vanquished.

Grand Total: 519 creatures vanquished

Notes
Turn   | Place    | Note
-------+----------+-------------------------------------------
     0 | D:1      | Exodus22XD the Minotaur Fighter began the quest for the
                  | Orb.
     0 | D:1      | Reached XP level 1. HP: 19/19 MP: 0/0
   179 | D:1      | Reached XP level 2. HP: 24/27 MP: 1/1
   574 | D:2      | Reached XP level 3. HP: 32/33 MP: 2/2
   630 | D:2      | Noticed Terence
   640 | D:2      | Killed Terence
   641 | D:2      | Reached skill level 3 in Axes
  1150 | D:2      | Reached XP level 4. HP: 41/41 MP: 3/3
  1658 | D:3      | Noticed Sigmund
  2003 | D:3      | Killed Sigmund
  2004 | D:3      | Reached skill level 4 in Axes
  2004 | D:3      | Reached skill level 5 in Armour
  2004 | D:3      | Reached XP level 5. HP: 26/47 MP: 4/4
  2173 | D:3      | Noticed Grinder
  2206 | D:3      | Paralysed by Grinder for 3 turns
  2212 | D:3      | Killed Grinder
  2213 | D:3      | Reached skill level 5 in Fighting
  2213 | D:3      | Reached skill level 5 in Axes
  2213 | D:3      | Reached skill level 5 in Shields
  2213 | D:3      | Reached XP level 6. HP: 47/56 MP: 5/5
  2290 | D:3      | Noticed Jessica
  2296 | D:3      | Killed Jessica
  2466 | D:3      | Noticed Natasha
  2468 | D:3      | Killed Natasha
  2585 | D:3      | Found Hotupp's General Store.
  2591 | D:3      | Bought a potion of heal wounds for 55 gold pieces
  2636 | D:3      | Noticed Natasha
  2659 | D:3      | Killed Natasha
  2660 | D:3      | Reached XP level 7. HP: 35/61 MP: 6/6
  2827 | D:4      | Found a staircase to the Ecumenical Temple.
  2863 | D:3      | Noticed Natasha
  2873 | D:3      | Killed Natasha
  2874 | D:3      | Reached skill level 1 in Unarmed Combat
  3145 | D:4      | Reached skill level 6 in Axes
  3381 | Temple   | Entered the Ecumenical Temple
  3585 | Temple   | Became a worshipper of Hepliaklqana the Forgotten
  4033 | D:4      | Reached skill level 7 in Axes
  4680 | D:5      | Entered Level 5 of the Dungeon
  4686 | D:5      | Reached * piety under Hepliaklqana
  5101 | D:5      | Reached XP level 8. HP: 59/63 MP: 7/7
  5463 | D:5      | Reached skill level 8 in Axes
  6351 | D:5      | Identified the +7 hand axe "Tagodaul" {spect, rN+ Dex+4}
  6664 | D:6      | Reached skill level 9 in Axes
  6783 | D:6      | Found Zubbexeb's Jewellery Emporium.
  7047 | D:6      | Noticed Maggie
  7054 | D:6      | Killed Maggie
  7055 | D:6      | Reached XP level 9. HP: 59/70 MP: 8/8
  7211 | D:6      | Reached skill level 10 in Axes
  7332 | D:6      | Reached ** piety under Hepliaklqana
  7426 | D:6      | Remembered your ancestor Cenhelm as a knight
  7435 | D:6      | You fall into a shaft and drop 1 floor!
  7778 | D:7      | Reached skill level 11 in Axes
  7782 | D:7      | Found a transporter.
  7806 | D:7      | Found a transporter.
  8265 | D:8      | Found a sacrificial altar of Ru.
  8483 | D:8      | Identified the +7 dagger of the Lame Duck {vorpal, MP+9}
  8568 | D:8      | Noticed Prince Ribbit
  8575 | D:8      | Killed Prince Ribbit
  8576 | D:8      | Reached XP level 10. HP: 74/79 MP: 9/9
  8915 | D:8      | Noticed Psyche
  8921 | D:8      | Killed Psyche
  9037 | D:8      | Reached skill level 10 in Armour
  9127 | D:8      | Found a staircase to the Lair.
  9283 | D:9      | Reached *** piety under Hepliaklqana
  9298 | D:9      | Reached skill level 12 in Axes
  9610 | D:9      | Noticed Erica
  9623 | D:9      | Killed Erica
 10071 | D:9      | Noticed a two-headed ogre
 10076 | D:9      | Killed a two-headed ogre
 10526 | D:10     | Entered Level 10 of the Dungeon
 10554 | D:10     | Found Fifad's Self-Improvement Boutique.
 10816 | D:10     | Noticed a two-headed ogre
 10823 | D:10     | Killed a two-headed ogre
 10824 | D:10     | Reached skill level 13 in Axes
 10896 | D:10     | Noticed a two-headed ogre
 10903 | D:10     | Killed a two-headed ogre
 10904 | D:10     | Reached XP level 11. HP: 83/87 MP: 10/10
 11043 | D:10     | Found a burning altar of Makhleb.
 11052 | D:10     | Noticed Fannar
 11076 | D:10     | Killed Fannar
 11346 | D:10     | Reached **** piety under Hepliaklqana
 11614 | D:11     | Noticed Josephine
 11628 | D:11     | Killed Josephine
 11968 | D:11     | Reached skill level 14 in Axes
 12188 | D:11     | Noticed an eight-headed hydra
 12311 | D:11     | Reached skill level 10 in Fighting
 12318 | D:11     | Killed a nine-headed hydra
 12682 | D:11     | Found a staircase to the Orcish Mines.
 13344 | D:12     | Noticed a two-headed ogre
 13344 | D:12     | Noticed a six-headed hydra
 13348 | D:12     | Noticed a boulder beetle
 13512 | Lair:1   | Entered Level 1 of the Lair of Beasts
 13751 | Lair:1   | Reached skill level 1 in Invocations
 13753 | Lair:1   | Reached XP level 12. HP: 72/97 MP: 11/11
 14039 | Lair:1   | Noticed a death yak
 14040 | Lair:1   | Noticed a death yak
 14041 | Lair:1   | Noticed a death yak
 14049 | Lair:1   | Killed a death yak
 14052 | Lair:1   | Killed a death yak
 14054 | Lair:1   | Killed a death yak
 14055 | Lair:1   | Reached skill level 5 in Invocations
 14061 | Lair:1   | Identified the +4 war axe of Unpleasantness {flame, *Rage
                  | rC+ rN+++ Dex+3}
 14564 | Lair:1   | Noticed a five-headed hydra
 14572 | Lair:1   | Killed a one-headed hydra
 15043 | Lair:2   | Reached ***** piety under Hepliaklqana
 15419 | Lair:2   | Found a staircase to the Snake Pit.
 15589 | Lair:2   | Noticed a catoblepas
 15604 | Lair:2   | Killed a catoblepas
 16001 | Lair:3   | Noticed a boulder beetle
 16013 | Lair:3   | Killed a boulder beetle
 16027 | Lair:3   | Reached skill level 10 in Invocations
 16165 | Lair:3   | Reached XP level 13. HP: 70/103 MP: 19/19
 16396 | Lair:3   | Found a broken altar of Ashenzari.
 16955 | Lair:3   | Found a staircase to the Swamp.
 17747 | Lair:4   | Reached skill level 15 in Axes
 17858 | Lair:4   | Found a runed translucent gate.
 17859 | Lair:4   | Found a runed translucent gate.
 17860 | Lair:4   | Found a runed translucent gate.
 17863 | Lair:4   | Noticed Wairalebb's ghost (journeyman BaFi)
 17863 | Lair:4   | Noticed Fiha's ghost (journeyman VSTm)
 17863 | Lair:4   | Noticed Odimp's ghost (journeyman KoWn)
 17863 | Lair:4   | Noticed Zytareni's ghost (journeyman DrCj)
 18632 | Lair:5   | You fall into a shaft and drop 1 floor!
 18632 | Lair:6   | Entered Level 6 of the Lair of Beasts
 18731 | Lair:6   | Reached skill level 10 in Shields
 18763 | Lair:6   | HP: 1/106 [elephant (11)]
 18982 | Lair:6   | HP: 5/160 [four-headed hydra (6)]
 18983 | Lair:6   | Demolished by a death yak

Illustrated notes

Levels and vault maps discovered:
D:1:      lightli_arrival_windingriver, layout_basic
D:2:      layout_basic, uniq_terence
D:3:      layout_rooms, serial_shops, shop, uniq_natasha, uniq_sigmund,
          uniq_grinder, uniq_jessica
D:4:      layout_basic, temple_pool_b
D:5:      lemuel_castle_with_subvaults [lemuel_castle_interior_carwin_2],
          layout_loops_cross
D:6:      minmay_angry_zag, layout_basic, serial_shops, shop, minivault_5,
          uniq_maggie
D:7:      gammafunk_steamed_eel, layout_basic
D:8:      wad_crossroads, layout_gridville, hangedman_ru_absence,
          lair_entry_dummy, serial_bayou_lagoon_a, uniq_psyche,
          uniq_prince_ribbit1
D:9:      layout_loops_ring, uniq_erica
D:10:     layout_stronghold, lemuel_doored_altar, nicolae_shop_self_help,
          uniq_fannar
D:11:     layout_loops_ring, erik_orc_2, uniq_josephine
D:12:     layout_roguey
Temple:   mainiacjoe_temple_cubbyholes
Lair:1:   layout_cave_pods
Lair:2:   layout_gridlike, minmay_snake_entry_six_corridors
Lair:3:   layout_gridlike, minmay_swamp_entry_swarm, lemuel_oklob_altar,
          lemuel_fruit_fields, infiniplex_staircase_pool_2
Lair:4:   layout_cave_pods, gammafunk_ghost_cemetery,
          chequers_serial_rivers_micro_b
Lair:5:   layout_gridlike, st_stairs_5
Lair:6:   evilmike_catoblepas_cave, layout_layer_cave,
          minmay_slime_entry_oklob_enclosed, nicolae_quartered_pool_impasse

Skill      XL: |  1  2  3  4  5  6  7  8  9 10 11 12 13 |
---------------+----------------------------------------+-----
Fighting       | 4 5 6 7 9 10 12 | 12.4
Shields        | 4 5 6 7 8 9 10 | 10.3
Armour         | 4 5 6 8 9 11 13 14 | 14.6
Axes           | 3 4 5 7 9 11 13 14 15 | 15.6
Unarmed Combat | 1 |  1.0
Invocations    | 1 10 11 | 11.0
Evocations     | |  0.4

Action                   |  1- 3 |  4- 6 |  7- 9 | 10-12 | 13-15 || total
-------------------------+-------+-------+-------+-------+-------++-------
Melee: War axe           |    58 |    57 |   193 |    19 |    40 ||   367
       Headbutt          |     8 |     8 |    54 |    83 |    49 ||   202
       Unarmed           |       |    15 |       |       |       ||    15
       Hand axe          |       |       |   103 |   352 |   146 ||   601
Invok: Recall Ancestor   |       |       |     1 |     1 |     1 ||     3
       Ancestor Life: Kn |       |       |     1 |       |       ||     1
Evoke: Wand              |       |       |       |     6 |       ||     6
  Use: Scroll            |       |       |     1 |     7 |    12 ||    20
       Potion            |       |       |       |       |     8 ||     8
 Stab: Distracted        |       |       |       |    12 |     5 ||    17
       Invisible         |       |       |       |       |     9 ||     9
Armor: Scale mail        |    38 |    25 |    44 |       |       ||   107
       Skin              |       |     2 |       |       |       ||     2
       Chain mail        |       |       |    96 |   104 |    77 ||   277
Dodge: Dodged            |    41 |    36 |    92 |    96 |    66 ||   331
Block: Buckler           |    22 |    17 |    79 |    79 |    45 ||   242
